 Dungeon Crawl Stone Soup version 0.19.0-24-gb05acd6 (webtiles) character file.

3255 Milesaru the Cleaver (level 9, 0/124 HPs)
             Began as a Minotaur Berserker on Nov 21, 2016.
             Was a High Priest of Trog.
             Slain by an orc warrior
             ... wielding a +0 spear
              (4 damage)
             ... in a bailey.
             The game lasted 00:21:32 (7033 turns).

Milesaru the Cleaver (Minotaur Berserker)           Turns: 7033, Time: 00:21:33

Health: 0/124      AC: 15    Str: 28    XL:     9   Next: 67%
Magic:  8/8        EV:  8    Int:  4    God:    Trog [*****.]
Gold:   506        SH:  0    Dex: 12    Spells: 0 memorised, 8 levels left

rFire  . . .     SeeInvis .     a - +0 hand axe
rCold  . . .     Gourm    .     D - +0 plate armour
rNeg   . . .     Faith    .     (no shield)
rPois  .         Spirit   .     (helmet restricted)
rElec  .         Reflect  .     B - +0 cloak
rCorr  .         Harm     .     (no gloves)
MR     .....                    (no boots)
Stlth  ..........               (no amulet)
                                (no ring)
                                (no ring)

@: berserking, very quick
A: retaliatory headbutt, horns 2
a: Berserk, Trog's Hand, Brothers in Arms, Burn Spellbooks, Renounce Religion


You were in a bailey.
You worshipped Trog.
Trog was extremely pleased with you.
You were very hungry.

You visited 1 branch of the dungeon, and saw 8 of its levels.
You also visited: Sewer and Bailey.

You collected 506 gold pieces.

Inventory:

Hand Weapons
 a - a +0 hand axe (weapon)
 v - a +0 war axe
 I - a +8 battleaxe of freezing
Missiles
 r - 3 throwing nets (quivered)
Armour
 B - a +0 cloak (worn)
 D - a +0 plate armour (worn)
Wands
 b - a wand of random effects (9/48)
 E - a wand of iceblast (0/15)
 J - a wand of polymorph (18/24)
 K - a wand of heal wounds (3/9)
Scrolls
 d - 4 scrolls of enchant armour
 h - 5 scrolls of remove curse
 n - 2 scrolls of teleportation
 t - 2 scrolls of amnesia
 u - 2 scrolls of enchant weapon
 w - 2 scrolls of immolation
 y - a scroll of magic mapping
 A - a scroll of noise
 G - a scroll of recharging
Potions
 e - 6 potions of curing
 j - 3 potions of invisibility
 k - 2 potions of agility {unknown}
 l - 3 potions of might
 m - 2 potions of ambrosia {unknown}
 o - 3 potions of mutation {unknown}
 p - 11 potions of heal wounds
 q - 2 potions of cancellation {unknown}
 z - 3 potions of brilliance {unknown}
 C - 2 potions of degeneration {unknown}
Books
 L - a book of Conjurations

   Spells                             Type                      Level
   a - Magic Dart                     Conjuration                  1
   b - Searing Ray                    Conjuration                  2
   c - Dazzling Spray                 Conjuration/Hexes            3
   d - Fulminant Prism                Conjuration/Hexes            4
   e - Iskenderun's Mystic Blast      Conjuration                  4
   f - Iskenderun's Battlesphere      Conjuration/Charms           5
   Trog disapproves of the use of such an item.
Comestibles
 c - 8 bread rations
 f - 3 meat rations
 i - 27 fruits
 s - a slice of pizza
 x - a royal jelly
 F - 13 chunks of flesh
 H - 6 beef jerkies


   Skills:
 + Level 9.0 Fighting
 * Level 11.8 Axes
 + Level 8.6 Armour
 - Level 2.1 Dodging


You had 8 spell levels left.
You didn't know any spells.

Dungeon Overview and Level Annotations

Branches:
Dungeon (8/15)             Temple (0/1) D:4
   Lair: D:8-11

Altars:
Cheibriados
Elyvilon
Fedhas
Gozag
Hepliaklqana
Kikubaaqudgha
Nemelex Xobeh
Okawaru
Qazlal
Ru
Sif Muna
Trog
Uskayaw
Yredelemnul

Shops:
D:7 [


Innate Abilities, Weirdness & Mutations

You reflexively headbutt those who attack you in melee.
You have a pair of horns on your head.


Message History

Things that are here:
a glaive; a chain mail; an orc corpse You closely miss the orc warrior.
The orc warrior is severely wounded.
You hit the orc warrior but do no damage.
The orc warrior hits you but does no damage.
You hit the orc warrior. You headbutt the orc warrior.
You kill the orc warrior!
Trog accepts your kill.
Your Fighting skill increases to level 9!
You hit the orc warrior but do no damage.
You hit the orc warrior but do no damage.
The orc warrior hits you but does no damage.
Your plate armour prevents you from hitting the orc warrior.
You headbutt the orc warrior!
The orc warrior is heavily wounded.
You hit the orc warrior. Your headbutt misses the orc warrior.
The orc warrior is severely wounded.
The orc warrior hits you with a spear.
You die...

#≈≈≈≈≈≈≈≈≈≈≈≈≈≈≈
##................
##............))...
#.......⌠##########
#....#####.........
#...##....≈≈≈≈≈≈≈≈≈
#...#.⌠.≈≈≈.......≈
#...#..≈≈..≈≈≈≈≈≈≈. .
#)@o#.≈≈.≈≈≈....(≈≈ ..
#).##.≈.≈≈))≈≈≈≈≈..
...#####..#.≈≈)≈.≈≈≈...≈≈≈
≈......'..#.≈)≈≈.≈..⌠.⌠..≈
≈......'..#.≈.)..≈..∩∩∩.(.
≈......'..#.≈.≈≈.≈..⌠.⌠..≈
...#####..#.≈≈.≈.≈≈≈...≈≈≈
. #..##.≈.≈≈..≈≈≈≈≈..
#..⌠#.≈≈.≈≈≈.....≈≈


You could see an orc warrior.

Vanquished Creatures
  The ghost of Erac the Destroyer, a novice HECj of Vehumet (D:8)
  Menkaure (D:5)
  A black bear (D:7)
  An ice beast (D:5)
  3 orc warriors (Bailey)
  5 ogres (D:7)
  A necrophage (D:6)
  5 centaurs
  2 big kobolds (Sewer)
  2 bullfrogs
  2 scorpions
  4 wights (D:7)
  3 howler monkeys (D:7)
  2 crimson imps
  A centaur zombie (D:5)
  A quasit (D:8)
  A hound (D:5)
  An orc priest (D:7)
  2 bullfrog skeletons
  3 orc wizards
  5 worker ants
  A killer bee zombie (D:5)
  A worker ant zombie (D:6)
  10 adders
  6 river rats
  4 oozes
  An adder skeleton (D:8)
  A dart slug (D:3)
  5 leopard geckos
  32 orcs
  8 ball pythons
  11 bats
  6 giant cockroaches
  6 hobgoblins
  6 jackals
  22 kobolds
  6 quokkas
  7 frilled lizards
  14 goblins
  2 quokka skeletons
  26 rats
222 creatures vanquished.

Vanquished Creatures (others)
  A human (D:8)
  An adder (D:7)
2 creatures vanquished.

Grand Total: 224 creatures vanquished

Notes
Turn   | Place    | Note
-------+----------+-------------------------------------------
     0 | D:1      | Milesaru the Minotaur Berserker began the quest for the Orb.
     0 | D:1      | Reached XP level 1. HP: 19/19 MP: 0/0
   301 | D:1      | Reached XP level 2. HP: 27/27 MP: 1/1
   541 | D:1      | Reached skill level 4 in Axes
   667 | D:1      | Reached XP level 3. HP: 30/33 MP: 2/2
   729 | D:2      | Found a snail-covered altar of Cheibriados.
   990 | D:2      | Reached XP level 4. HP: 39/41 MP: 3/3
  1079 | D:2      | Reached ** piety under Trog
  1111 | D:2      | Found a bloodstained altar of Trog.
  1394 | D:2      | Found an iron altar of Okawaru.
  1411 | D:2      | Found a deep blue altar of Sif Muna.
  1568 | D:3      | Found a white marble altar of Elyvilon.
  1605 | D:3      | Found a hide-covered altar of Uskayaw.
  1683 | D:3      | Reached skill level 5 in Axes
  1973 | D:3      | Reached XP level 5. HP: 41/47 MP: 4/4
  2353 | D:4      | Found an ancient bone altar of Kikubaaqudgha.
  2567 | D:4      | Found a basalt altar of Yredelemnul.
  2818 | D:4      | Reached *** piety under Trog
  2882 | D:4      | Found a glowing drain.
  2886 | Sewer    | Entered a sewer
  2931 | Sewer    | Reached skill level 5 in Fighting
  2979 | Sewer    | Reached skill level 6 in Axes
  2989 | Sewer    | Reached XP level 6. HP: 33/56 MP: 5/5
  3666 | D:4      | Found a staircase to the Ecumenical Temple.
  3712 | D:4      | Reached **** piety under Trog
  3720 | D:4      | Found an opulent altar of Gozag.
  3922 | D:4      | Found a faded altar of an unknown god.
  3922 | D:4      | Found a faded altar of an unknown god.
  3929 | D:4      | Reached skill level 5 in Armour
  3935 | D:4      | Found a faded altar of an unknown god.
  3937 | D:4      | Found a hazy altar of Hepliaklqana.
  3938 | D:4      | Found a faded altar of an unknown god.
  3999 | D:5      | Entered Level 5 of the Dungeon
  4022 | D:5      | Noticed an ice beast
  4034 | D:5      | Killed an ice beast
  4034 | D:5      | Reached skill level 7 in Axes
  4034 | D:5      | Reached XP level 7. HP: 38/62 MP: 6/6
  4296 | D:5      | Noticed Menkaure
  4306 | D:5      | Killed Menkaure
  4317 | D:5      | Found a blossoming altar of Fedhas.
  4409 | D:5      | Found a sparkling altar of Nemelex Xobeh.
  4484 | D:5      | Found a stormy altar of Qazlal.
  4799 | D:5      | Reached skill level 8 in Axes
  4806 | D:5      | Found a white marble altar of Elyvilon.
  5078 | D:6      | Found a sacrificial altar of Ru.
  5125 | D:6      | Found a basalt altar of Yredelemnul.
  5138 | D:6      | Reached XP level 8. HP: 43/71 MP: 7/7
  5441 | D:6      | Reached skill level 9 in Axes
  5732 | D:7      | Paralysed by fainting for 11 turns
  5794 | D:7      | Found Zumeyj's Antique Armour Shop.
  5833 | D:7      | Reached skill level 10 in Axes
  6235 | D:7      | Reached XP level 9. HP: 66/81 MP: 8/8
  6276 | D:7      | Found a stormy altar of Qazlal.
  6370 | D:7      | Found a snail-covered altar of Cheibriados.
  6546 | D:8      | Noticed Erac's ghost (novice HECj)
  6560 | D:8      | Killed Erac's ghost
  6560 | D:8      | Reached ***** piety under Trog
  6560 | D:8      | Reached skill level 11 in Axes
  6617 | D:8      | Found an ancient bone altar of Kikubaaqudgha.
  6678 | D:8      | Found a flagged portal.
  6793 | Bailey   | Entered a bailey
  7026 | Bailey   | HP: 3/123 [orc warrior/halberd (4)]
  7033 | Bailey   | Slain by an orc warrior

Skill      XL: |  1  2  3  4  5  6  7  8  9 |
---------------+----------------------------+-----
Fighting       | 4 5 6 8 9 |  9.0
Axes           | 4 5 6 7 8 10 11 | 11.8
Armour         | 3 4 5 6 7 8 |  8.6
Dodging        | |  2.1

Action                   |  1- 3 |  4- 6 |  7- 9 || total
-------------------------+-------+-------+-------++-------
Melee: Hand axe          |    67 |   210 |   322 ||   599
       Headbutt          |    11 |    53 |    86 ||   150
Invok: Berserk           |       |     4 |     6 ||    10
       Trog's Hand       |       |     1 |     2 ||     3
Evoke: Wand              |       |       |     6 ||     6
  Use: Scroll            |       |     5 |     9 ||    14
  Eat: Chunk             |       |    14 |    16 ||    30
Armor: Animal skin       |     3 |       |       ||     3
       Ring mail         |    24 |    71 |     5 ||   100
       Plate armour      |       |       |   180 ||   180
Dodge: Dodged            |    42 |   139 |   126 ||   307
